 Dungeon Crawl Stone Soup version 0.22-a0-373-gab1296c (webtiles) character file.

319006 Serpenta the Tortoise (level 20, 0/149 HPs)
             Began as a Mummy Chaos Knight on Apr 25, 2018.
             Killed from afar by Bai Suzhen (34 damage)
             ... with a torrent of water
             ... on level 3 of the Vaults.
             The game lasted 02:30:49 (69882 turns).

Serpenta the Tortoise (Mummy Chaos Knight)         Turns: 69882, Time: 02:30:50

Health: 0/149      AC: 30    Str: 19    XL:     20   Next: 93%
Magic:  36/36      EV: 12    Int: 15    God:    Xom [.*....]
Gold:   2603       SH: 13    Dex: 14    Spells: 38/43 levels left

rFire    + . .     SeeInvis .   j - +7 demon blade of Ygeaviut {elec, Fragile rPois rN+}
rCold    + . .     Gourm    .   P - +1 buckler {AC+3}
rNeg     + + +     Faith    .   Q - +1 chain mail {rF+}
rPois    ∞         Spirit   .   p - +0 helmet
rElec    .         Reflect  +   y - +2 ratskin cloak {god gift, +Rats rPois rN+ Str-1 Int-1 Dex+1}
rCorr    .         Harm     .   s - +2 pair of gloves of Atiumowk {rPois Int+2}
MR       ++...                  g - +2 pair of boots
Stlth    ..........             u - +4 amulet of reflection
HPRegen  0.34/turn              N - ring of protection from fire
MPRegen  0.25/turn              x - +4 ring of evasion

@: silence (expiring)
A: no food or potions, fire vulnerability, cold resistance 1, negative energy
resistance 3, torment resistance, unbreathing, in touch with death 1
}: 1/15 runes: gossamer
a: Renounce Religion, Evoke Ratskin


You were on level 3 of the Vaults.
You worshipped Xom.
You were a plaything of Xom.
You were not hungry.

You visited 8 branches of the dungeon, and saw 36 of its levels.
You also visited: Trove, Ossuary and Bailey.

You collected 4944 gold pieces.
You spent 2341 gold pieces at shops.


Innate Abilities, Weirdness & Mutations

You do not eat or drink.
Your flesh is vulnerable to fire.
You are immune to poison.
Your flesh is cold resistant. (rC+)
You are immune to negative energy. (rN+++)
You are immune to unholy pain and torment.
You can survive without breathing.
You are in touch with the powers of death.


   Skills:
 + Level 10.6 Fighting
 - Level 14.0 Long Blades
 - Level 15.0 Armour
 - Level 0.7 Dodging
 - Level 14.3 Shields
 - Level 12.0 Spellcasting
 - Level 12.0 Hexes
 + Level 11.7 Air Magic
 - Level 9.0 Evocations


You had 38 spell levels left.
You knew the following spells:

 Your Spells              Type           Power        Failure   Level  Hunger
A - Silence               Hex/Air        #####.....   10%         5    N/A

Action                   |  1- 3 |  4- 6 |  7- 9 | 10-12 | 13-15 | 16-18 | 19-21 || total
-------------------------+-------+-------+-------+-------+-------+-------+-------++-------
Melee: Falchion          |   101 |    89 |       |       |       |       |       ||   190
       Long sword        |       |    86 |   368 |       |       |       |       ||   454
       Spear             |       |       |   103 |   727 |       |       |       ||   830
       Scimitar          |       |       |       |   109 |   828 |       |       ||   937
       Demon blade       |       |       |       |       |   783 |  2141 |  2024 ||  4948
Throw: Javelin           |       |     3 |    30 |    33 |       |    20 |     2 ||    88
 Cast: Silence           |       |       |       |       |       |       |    11 ||    11
 Abil: Evoke Ratskin     |       |       |       |    10 |       |       |       ||    10
       Evoke Blink       |       |       |       |       |     2 |       |       ||     2
Evoke: Wand              |       |       |       |    24 |    27 |    70 |     9 ||   130
       Sack of spiders   |       |       |       |     2 |     2 |       |       ||     4
       Lightning rod     |       |       |       |       |     7 |    10 |    12 ||    29
       Lamp of fire      |       |       |       |       |       |     4 |     7 ||    11
       Box of beasts     |       |       |       |       |       |     2 |       ||     2
       Phial of floods   |       |       |       |       |       |     1 |     1 ||     2
  Use: Scroll            |     4 |     3 |     6 |    15 |    14 |     9 |     8 ||    59
 Stab: Paralysed         |     1 |       |       |       |    30 |    10 |     2 ||    43
       Confused          |     1 |       |       |       |     4 |     6 |     3 ||    14
       Sleeping          |       |     1 |       |       |       |     1 |       ||     2
       Invisible         |       |       |     3 |       |       |       |    10 ||    13
       Distracted        |       |       |       |       |     1 |       |     2 ||     3
       Betrayed ally     |       |       |       |       |     1 |     1 |       ||     2
       Petrifying        |       |       |       |       |       |       |     4 ||     4
       Petrified         |       |       |       |       |       |       |     4 ||     4
Armor: Leather armour    |    37 |    53 |    79 |       |       |       |       ||   169
       Ring mail         |       |       |    49 |   226 |       |       |       ||   275
       Chain mail        |       |       |    17 |   173 |   535 |   354 |   554 ||  1633
       Acid dragon scale |       |       |       |       |       |   340 |       ||   340
       Plate armour      |       |       |       |       |       |    18 |    48 ||    66
Dodge: Dodged            |    62 |    98 |   259 |   227 |   275 |   594 |   400 ||  1915
       Deflected         |       |       |     2 |     4 |       |       |       ||     6
Block: Large shield      |       |       |    76 |   578 |  1195 |       |       ||  1849
       Reflection        |       |       |       |       |    84 |    51 |    22 ||   157
       Shield            |       |       |       |       |    55 |  1287 |   141 ||  1483
       Other             |       |       |       |       |     1 |       |       ||     1
       Buckler           |       |       |       |       |       |       |   624 ||   624
       Rpst.: Falchion   |    21 |    13 |       |       |       |       |       ||    34
       Long sword        |       |    16 |    66 |       |       |       |       ||    82
       Scimitar          |       |       |       |     4 |    32 |       |       ||    36
       Demon blade       |       |       |       |       |    34 |   113 |    88 ||   235

Inventory:

Hand Weapons
 a - a +7 scimitar of flaming
 j - the +7 demon blade of Ygeaviut (weapon) {elec, Fragile rPois rN+}
   (You found it in a treasure trove)

   Occasionally, upon striking a foe, it will discharge some electrical energy
   and cause terrible harm.
   It protects you from poison.
   It protects you from negative energy.
   It will be destroyed if unequipped.
 r - the +8 demon blade "Bloodbane" {slice, *Rage +Rage Stlth-}
   (You found it in a treasure trove)

   It inflicts extra damage upon your enemies.
   It lets you go berserk.
   It may make you go berserk in combat.
   It makes you less stealthy.
Missiles
 i - 20 javelins (quivered)
Armour
 e - the +2 pair of gloves of the Black Moon {+Blink rC- Str+8 Int+8}
   (You found it on level 10 of the Dungeon)

   It affects your strength (+8).
   It affects your intelligence (+8).
   It makes you vulnerable to cold.
   It lets you blink.
 g - a +2 pair of boots (worn)
 p - a +0 helmet (worn)
 s - the +2 pair of gloves of Atiumowk (worn) {rPois Int+2}
   (You acquired it on level 9 of the Dungeon)

   It affects your intelligence (+2).
   It protects you from poison.
 y - the +2 ratskin cloak (worn) {god gift, +Rats rPois rN+ Str-1 Int-1 Dex+1}
   (Xom gifted it to you on level 9 of the Dungeon)

   It affects your strength (-1).
   It affects your intelligence (-1).
   It affects your dexterity (+1).
   It protects you from poison.
   It protects you from negative energy.
 A - +0 acid dragon scales
 F - a +0 plate armour of cold resistance
 P - a +1 buckler of protection (worn)
 Q - a +1 chain mail of fire resistance (worn)
Jewellery
 c - an uncursed ring of fire
 f - a +6 ring of dexterity
 q - a +4 ring of intelligence
 u - a +4 amulet of reflection (around neck)
 x - a +4 ring of evasion (right hand)
 D - an uncursed amulet of guardian spirit
 G - an uncursed ring of wizardry
 H - an uncursed ring of protection from magic
 J - an uncursed ring of teleportation
 L - an uncursed ring of protection from cold
 N - a ring of protection from fire (left hand)
 V - an uncursed ring of flight
 W - the amulet of Vitality {Regen+ HP+15}
   (You took it off a necromancer on level 3 of the Crypt)

   [amulet of regeneration]

   It affects your health (+15).
   It increases your rate of regeneration.
Wands
 b - a wand of flame (77)
 d - a wand of acid (12)
 m - a wand of digging (42)
 v - a wand of enslavement (13)
 B - a wand of clouds (2)
 K - a wand of paralysis (17)
 M - a wand of disintegration (11)
 S - a wand of polymorph (14)
 T - a wand of iceblast (6)
Scrolls
 h - 17 scrolls of remove curse
 k - 13 scrolls of identify
 n - 9 scrolls of magic mapping
 o - 7 scrolls of teleportation
 w - 4 scrolls of amnesia
 z - 6 scrolls of blinking
 E - a scroll of summoning
 O - 3 scrolls of enchant weapon
 R - 2 scrolls of fear
 U - a scroll of enchant armour
Miscellaneous
 l - a lamp of fire (inert)
 t - 4 phantom mirrors
 C - a phial of floods (inert)
 I - a lightning rod (4/4)

#..........'..
#.........##..
###########'#.......##..
#..§.§§.....###....###..
#..§§.≈≈....# ###..# #..
#.§.§≈≈≈....# #### #..
#..§§E§≈....# ####'#
#...ED§≈....# #.....
#...§(§@....# #...#.
############# #)..#.
#####.###. ####...#)....
###......#.....
##........).....
#.........#.###.
.....#'###...#.
...###...#...#.


You could see Bai Suzhen and 2 friendly water elementals.

Vanquished Creatures
  An ancient lich (Crypt:3)
  Frederick (Crypt:3)
  Arachne (Spider:3)
  2 liches (Crypt:3)
  Frances (Swamp:1)
  An ancient champion (Crypt:2)
  A shadow dragon (Vaults:2)
  A tengu reaver (Vaults:2)
  A revenant (Crypt:2)
  A fire giant (Vaults:2)
  An azure jelly (shapeshifter) (Elf:1)
  5 ghost moths
  Aizul (Vaults:3)
  2 orc warlords
  A deep elf sorcerer (Elf:1)
  7 vault wardens
  3 curse skulls
  7 ironheart preservers
  2 reapers (Crypt:3)
  2 very ugly things (Vaults:1)
  2 stone giants (Vaults:3)
  11 emperor scorpions
  2 ghouls
  4 entropy weavers (Spider:1)
  A deep elf demonologist (Vaults:3)
  A deep elf annihilator (Vaults:3)
  The ghost of Soeti the Martial Artist, a journeyman OpTm of Cheibriados (Lair:3)
  An ettin (D:15)
  11 eidola
  4 deep elf death magi
  A mummy priest (Crypt:3)
  2 fire dragons
  7 yaktaur captains
  2 jiangshi
  2 great orbs of eyes
  16 hydras
  A rakshasa (Vaults:1)
  An ice dragon (Vaults:2)
  3 vault guards (Vaults:2)
  A catoblepas (D:14)
  Erica (Lair:2)
  6 centaur warriors
  6 ogre magi
  5 death knights
  10 dancing weapons
  A satyr (Vaults:3)
  35 two-headed ogres
  An alligator (Lair:3)
  An orc high priest (Orc:2)
  2 vampire magi
  A tengu warrior (D:15)
  A shock serpent (shapeshifter) (Vaults:2)
  9 deep elf knights
  A fire crab (Lair:6)
  9 soul eaters
  2 shadow wraiths
  A titan skeleton (Crypt:3)
  2 golden dragon zombies (Crypt:3)
  5 unseen horrors
  33 skeletal warriors
  A ghost moth zombie (Crypt:2)
  5 deep trolls (Vaults:1)
  A storm dragon skeleton (Crypt:1)
  A sea snake (Vaults:1)
  2 flayed ghosts (Crypt:2)
  2 anaconda zombies (Crypt:3)
  A glowing orange brain (Vaults:1)
  A wizard (Vaults:2)
  10 orc knights
  8 deep elf archers
  A tengu zombie (Vaults:3)
  13 phantasmal warriors
  14 necromancers
  A harpy (shapeshifter) (Vaults:3)
  14 orb spiders
  7 harpies
  7 ironbrand convokers
  8 orc sorcerers
  A shadow dragon skeleton (Crypt:1)
  22 ugly things
  A fire giant zombie (Crypt:3)
  39 deep elf magi
  22 wolf spiders
  2 manticores
  2 frost giant zombies
  4 centaur zombies
  2 fire giant skeletons
  A salamander (shapeshifter) (Vaults:3)
  A stone giant zombie (Crypt:3)
  2 iron dragon skeletons (Crypt:3)
  9 elephants
  6 cyclopes
  3 moths of wrath
  A guardian serpent (shapeshifter) (D:15)
  A stone giant skeleton (Crypt:1)
  6 black mambas
  3 frost giant skeletons (Crypt:3)
  2 molten gargoyles (Lair:6)
  A spiny frog (shapeshifter) (Elf:2)
  13 spiny frogs
  A torpor snail (Lair:4)
  A black mamba (shapeshifter) (D:14)
  8 vault sentinels
  Joseph (D:7)
  3 centaur skeletons
  3 gargoyles
  A catoblepas zombie (Crypt:3)
  8 freezing wraiths
  8 komodo dragons
  A rime drake (Lair:3)
  36 yaktaurs
  7 demonic crawlers
  A kobold demonologist (D:9)
  12 hellwings (Crypt:3)
  2 guardian mummies (Crypt:3)
  A yaktaur skeleton (Vaults:3)
  A queen bee (D:8)
  3 meliai (D:15)
  A purple draconian skeleton (Crypt:2)
  A harpy zombie (Crypt:3)
  5 hornets
  A wind drake (shapeshifter) (Vaults:3)
  3 polar bears
  A harpy skeleton (Crypt:3)
  30 jumping spiders
  2 tyrant leeches
  8 trolls
  A raiju (Lair:1)
  A bog body (Swamp:1)
  2 hydra skeletons (Crypt:2)
  36 slime creatures
  A sphinx simulacrum (Vaults:1)
  14 blink frogs
  2 ettin zombies (Crypt:3)
  5 dream sheep
  A stone giant simulacrum (Crypt:2)
  6 hippogriffs
  An ettin skeleton (Crypt:3)
  3 shadows
  A vampire (D:9)
  A spriggan (shapeshifter) (D:15)
  An air elemental (Elf:2)
  6 flying skulls (Crypt:1)
  19 wraiths
  73 redbacks
  A black mamba zombie (Crypt:1)
  A dire elephant simulacrum (Crypt:2)
  A spriggan (Spider:3)
  24 tarantellas
  A water elemental (Elf:2)
  A black mamba skeleton (Crypt:2)
  9 wyverns
  28 yaks
  A fire elemental (Elf:1)
  A fire bat (Lair:6)
  5 basilisks
  2 hungry ghosts
  2 steam dragons (Lair:6)
  16 vampire mosquitoes
  7 wargs
  An insubstantial wisp (Swamp:1)
  Edmund (D:6)
  4 hell hounds (Lair:6)
  A soldier ant (D:15)
  A deep troll zombie (Vaults:3)
  9 swamp worms
  The ghost of iamserjio the Bolt Thrower, an amateur KoHu (D:3)
  10 water moccasins
  2 acid dragons
  An infernal demonspawn skeleton (Crypt:1)
  Duvessa (D:5)
  8 porcupines
  A deep troll skeleton (Crypt:1)
  2 sky beasts
  3 black bears
  A necrophage (D:15)
  2 snapping turtle zombies (Crypt:3)
  3 ice beasts
  8 boggarts (Vaults:1)
  25 ogres
  36 orc warriors
  3 phantoms
  A hornet zombie (D:12)
  A spiny frog skeleton (Crypt:2)
  An eye of draining (D:9)
  17 wolves
  18 crocodiles
  11 centaurs
  A torpor snail zombie (Crypt:1)
  7 big kobolds
  An octopode zombie (Crypt:2)
  19 bullfrogs
  Blork the orc (D:5)
  A cyclops zombie (Crypt:2)
  An earth elemental (Elf:1)
  A glowing shapeshifter simulacrum (Vaults:2)
  A gnoll sergeant (D:5)
  8 wyvern skeletons
  A water moccasin zombie (Ossuary)
  2 water moccasin skeletons
  7 scorpions
  22 killer bees
  A manticore simulacrum (Crypt:1)
  9 wights
  2 electric eels
  3 howler monkeys
  5 crimson imps
  5 lava snakes (Lair:6)
  A bullfrog skeleton (D:11)
  A human zombie (Crypt:1)
  6 hounds
  6 jellies
  21 orc priests
  15 orc wizards
  2 iguanas
  A human skeleton (Crypt:3)
  17 worker ants
  A killer bee zombie (D:9)
  A sky beast zombie (Crypt:2)
  An ogre zombie (Crypt:3)
  2 big kobold zombies (Ossuary)
  A deep dwarf zombie (Crypt:2)
  A hound skeleton (D:10)
  A hound zombie (Crypt:2)
  3 mummies
  A worker ant zombie (D:9)
  13 gnolls
  A howler monkey skeleton (Crypt:1)
  15 adders
  4 shadow imps
  2 oozes
  5 adder zombies (Ossuary)
  2 worms (D:2)
  A dart slug (D:2)
  3 leopard geckos
  81 orcs
  3 giant cockroaches
  6 goblins
  12 hobgoblins
  18 jackals
  6 quokkas
  9 bats
  6 frilled lizards
  A gnoll skeleton (Crypt:2)
  A gnoll zombie (Ossuary)
  5 hobgoblin zombies (Ossuary)
  40 kobolds
  6 kobold zombies
  2 orc skeletons
  9 orc zombies (Ossuary)
  A quokka zombie (D:4)
  8 rats
  A rat zombie (D:4)
  2 fire vortices
  2 withered plants (Crypt:3)
1531 creatures vanquished.

Vanquished Creatures (collateral kills)
  2 emperor scorpions (Spider:4)
  Fannar (Lair:2)
  A hydra (D:11)
  A rakshasa (Vaults:2)
  A centaur warrior (Vaults:2)
  A two-headed ogre (D:15)
  Sonja (Lair:2)
  3 skeletal warriors
  A deep elf mage (Vaults:2)
  6 ugly things
  A cyclops (D:14)
  2 elephants (Lair:4)
  2 spiny frogs (Lair:2)
  A centaur skeleton (D:15)
  4 yaktaurs (Vaults:2)
  A hippogriff (D:10)
  3 slime creatures (D:13)
  4 yaks
  2 hell hounds (D:10)
  A centaur (D:9)
  A crocodile (D:14)
  3 bullfrogs
  Crazy Yiuf (D:4)
  An orc priest (Vaults:1)
  An iguana (D:13)
  An orc wizard (D:12)
  A worker ant (D:11)
  A gnoll (Bailey)
  A shadow imp (D:11)
  3 orcs
  8 kobolds
61 creatures vanquished.

Vanquished Creatures (others)
  Asterion (Vaults:1)
  A rakshasa (Vaults:2)
  2 dancing weapons
  An alligator (Swamp:1)
  An orc knight (Vaults:1)
  A necromancer (Crypt:3)
  An orb spider (Spider:1)
  An ironbrand convoker (Vaults:3)
  A wolf spider (Vaults:1)
  3 yaktaurs (Vaults:2)
  An acid dragon (Vaults:2)
  A snapping turtle zombie (Crypt:3)
  An ogre (D:8)
  4 centaurs
  A bullfrog (D:14)
  Dowan (D:5)
  A killer bee (D:8)
  A gnoll (Bailey)
  6 kobolds (Bailey)
  14 fungi
  21 plants
  23 withered plants (Crypt:3)
88 creatures vanquished.

Grand Total: 1680 creatures vanquished

Vault maps used:
D:1:      minmay_arrival_stone_box, minmay_pentomino_z2
D:2:      cheibriados_altar_1
D:3:      first_ration, grunt_ministairs_1, minmay_checkerbox
D:4:      enter_ossuary_4, minmay_liquid_box, uniq_crazy_yiuf_cottage
D:5:      uniq_blork_the_orc, uniq_duvessa
D:6:      cheibrodos_thug_alley, minmay_temple_entry_fiery, serial_shops,
          kennysheep_mini, uniq_edmund
D:7:      grunt_temple_overflow_open, uniq_joseph
D:8:      david_nohive_1
D:9:      serial_shops, shop
D:10:     minmay_lair_entry_lava
D:11:     david_orc_1_choice, nicolae_trove_entry_diagonal, serial_shops, shop,
          worms_lemuel
D:12:     enter_bailey_2
D:13:     david_vaults_1
D:14:     serial_park_avenue1, basic_altar
D:15:     hangedman_depths_entry_civil_slaughter,
          nicolae_ru_the_path_less_chosen, st_stairs_4
Lair:1:   st_stairs_11, infiniplex_staircase_pool
Lair:2:   minmay_lair_oklob_chamber, uniq_erica, uniq_fannar, uniq_sonja
Lair:3:   swamp_mist, nicolae_spider_entry_orb_guardian, uniq_prince_ribbit2
Lair:4:   grunt_megastairs_2
Lair:5:   minmay_slime_entry_pillars, infiniplex_staircase_pool_2,
          serial_bayou_shore_b
Lair:6:   cheibrodos_lair_end_hotspot, serial_bayou_pond_a, st_stairs_11
Swamp:1:  hangedman_swamp_ruin_hall, uniq_nikola, uniq_frances
Spider:3: hangedman_spider_tarantella_strand, uniq_arachne
Spider:4: grunt_spider_rune_circles
Orc:1:    serial_shops, nicolae_shop_behind_doors, nicolae_orc_flooded_monolith,
          mines1_david
Orc:2:    grunt_orc_cross, serial_shops, shop, special_room, mines1_david
Elf:1:    minmay_elf_arrival_summoners, serial_shops,
          nicolae_shop_window_shopping, hangedman_elf_represent,
          corexii_checkpoint_a, minmay_shop_grove
Vaults:1: nicolae_vaults_what_the_h, nicolae_vaults_triangles,
          hangedman_vaults_nails, vaults_dpeg_diagonal, vaults_room_semicircle,
          hangedman_vaults_maws, nicolae_vaults_little_squares_6, serial_shops,
          nicolae_shop_stone, uniq_asterion
Vaults:2: v_misc_8, nicolae_vaults_hallways_thing, v_misc_18, v_alt_pattern_1,
          nicolae_vaults_big_angled_halls, nicolae_vaults_theta,
          ontoclasm_vaults_hangar, v_pattern_1, nicolae_vaults_branching_niches,
          grunt_vaults_twisty, v_misc_8, hangedman_vaults_snaps,
          vaults_mumra_hexcomb, vaults_room_pools,
          nicolae_vaults_yaktaur_gun_rack
Vaults:3: minmay_crypt_entry_simple_round, vaults_room_semicircle,
          nicolae_vaults_ninety_degrees, ontoclasm_vaults_spin,
          ontoclasm_vaults_claustrophobia, ontoclasm_vaults_shuriken,
          vaults_standard_mumra_enter_the_diamond, serial_ice_m,
          nicolae_vaults_big_angled_halls, v_rooms_6, v_misc_2,
          hangedman_vaults_corner, nicolae_vaults_specimen_jars,
          ontoclasm_vaults_misaligned, vaults_dpeg_hooks, serial_shops,
          nicolae_shop_statue_plus, uniq_aizul, uniq_bai_suzhen
Crypt:1:  grunt_crypt_arrival_split, roderic_lattice_octagonal_star
Crypt:2:  door_vault
Crypt:3:  evilmike_haunted_forest, uniq_frederick
Trove:    trove_weapon_1
Ossuary:  ossuary_tomb_2
Bailey:   bailey_axe_4, bailey


Message History

Bai Suzhen is heavily wounded.
Your water elemental hits Bai Suzhen.
Bai Suzhen bites you!!
* * * LOW HITPOINT WARNING * * *
Bai Suzhen claws you but does no damage.
Bai Suzhen tramples you but does no damage.
Lightning arcs down from a storm cloud!
You are standing in a thunderstorm.
Your water elemental is struck by lightning.
Your water elemental completely misses Bai Suzhen.
Your water elemental is struck by lightning.
Your water elemental barely misses Bai Suzhen.
Bai Suzhen barely misses you. You block Bai Suzhen's attack.
Bai Suzhen misses you.
Your water elemental barely misses Bai Suzhen.
Your water elemental is struck by lightning.
Your water elemental hits Bai Suzhen.
Lightning arcs down from a storm cloud! x2
Bai Suzhen breathes water at you. The torrent of water hits you!
You die...
Xom laughs nastily!

Notes
Turn   | Place    | Note
-------+----------+-------------------------------------------
     0 | D:1      | Serpenta the Mummy Chaos Knight began the quest for the Orb.
     0 | D:1      | Reached XP level 1. HP: 18/18 MP: 1/1
   252 | D:1      | XOM: butterfly on damage
   258 | D:1      | Reached XP level 2. HP: 19/24 MP: 2/2
   886 | D:2      | XOM: smoke on damage
   908 | D:2      | Reached XP level 3. HP: 20/29 MP: 3/3
  1513 | D:2      | Reached XP level 4. HP: 30/35 MP: 4/4
  1737 | D:2      | Found a snail-covered altar of Cheibriados.
  2193 | D:3      | XOM: smoke on damage
  2196 | D:3      | Noticed an ice beast
  2201 | D:2      | XOM: summons 1 hostile demon
  2409 | D:3      | Noticed iamserjio's ghost (amateur KoHu)
  2410 | D:3      | XOM: cleaving
  2648 | D:3      | XOM: noise
  2673 | D:3      | XOM: confuse monster(s)
  2936 | D:2      | XOM: harmless Chrm miscast
  3110 | D:3      | Reached XP level 5. HP: 38/41 MP: 5/5
  3275 | D:3      | XOM: divination: detect creatures
  3304 | D:3      | XOM: enchant monster (bad)
  3322 | D:2      | Reached skill level 5 in Long Blades
  3345 | D:3      | Killed iamserjio's ghost
  3345 | D:3      | Reached XP level 6. HP: 28/47 MP: 6/6
  3880 | D:3      | XOM: mild Pois miscast
  3952 | D:3      | Killed an ice beast
  4213 | D:3      | XOM: god gift: bubbling orange potion {god gift}
  4427 | D:4      | XOM: noise
  4440 | D:4      | XOM: confusion (+ monsters)
  4446 | D:4      | XOM: confuse monster(s)
  4447 | D:4      | XOM: summons 2 friendly demons
  4475 | D:4      | Found a sand-covered staircase.
  4482 | D:4      | Reached XP level 7. HP: 6/52 MP: 7/7
  4487 | Ossuary  | Entered an ossuary
  4998 | Ossuary  | XOM: 1-stop teleportation journey
  5380 | D:4      | XOM: potion effect (invisibility)
  5469 | D:4      | XOM: 1-stop teleportation journey
  5832 | D:4      | Found a runed door.
  5942 | D:4      | XOM: mild Necr miscast
  5959 | D:4      | XOM: 2-stop teleportation journey
  6432 | D:4      | XOM: medium Hex miscast
  6652 | D:4      | XOM: chaos upgrade
  6675 | D:4      | Reached XP level 8. HP: 14/61 MP: 8/8
  7014 | D:4      | XOM: medium Hex miscast
  7252 | D:4      | Reached skill level 5 in Fighting
  7360 | D:4      | XOM: swap monsters
  7414 | D:4      | XOM: summons 4 hostile demons
  7415 | D:4      | Noticed a smoke demon
  7415 | D:4      | Noticed a hellwing
  7461 | D:3      | XOM: mild Necr miscast
  7717 | D:4      | XOM: harmless Conj miscast
  7803 | D:4      | XOM: summons 1 hostile demon
  7811 | D:5      | Entered Level 5 of the Dungeon
  7811 | D:5      | Noticed Duvessa
  7811 | D:5      | Noticed Dowan
  7812 | D:5      | Killed Dowan
  7812 | D:5      | XOM: divine lightning
  8216 | D:5      | Noticed Blork the orc
  8228 | D:5      | Killed Blork the orc
  8550 | D:5      | Killed Duvessa
  8591 | D:5      | XOM: 2-stop teleportation journey
  8701 | D:5      | XOM: noise
  8729 | D:5      | XOM: mild Summ miscast
  9168 | D:6      | XOM: confusion
  9170 | D:6      | Reached XP level 9. HP: 65/72 MP: 9/9
  9252 | D:6      | Found a staircase to the Ecumenical Temple.
  9284 | D:6      | Found Huisadai's Distillery.
  9369 | D:6      | Noticed Edmund
  9626 | D:6      | XOM: harmless Tloc miscast
  9981 | D:6      | XOM: harmless Hex miscast
 10012 | D:6      | XOM: chaos cloud
 10229 | D:5      | XOM: medium Conj miscast
 10527 | D:6      | XOM: medium Tloc miscast
 10549 | D:6      | XOM: harmless Hex miscast
 10831 | D:6      | Got a polished spear {flame}
 10915 | D:6      | Identified the +8 spear "Zivvola" {flame, Fragile MR+ Str+3 Int+3} (You took it off a big kobold on level 6 of the Dungeon)
 11045 | D:7      | Noticed Joseph
 11117 | D:6      | Killed Edmund
 11244 | D:6      | XOM: stat loss: -1 Dex (10/11)
 11260 | D:7      | Found an ancient bone altar of Kikubaaqudgha.
 11260 | D:7      | Found a shimmering altar of Xom.
 11263 | D:7      | Found a snail-covered altar of Cheibriados.
 11267 | D:7      | Found a white marble altar of Elyvilon.
 11318 | D:7      | XOM: fog
 11370 | D:7      | XOM: god gift: 25 stones {god gift}
 11436 | D:7      | XOM: scenery: 2 doors open, 2 doors close
 11728 | D:7      | XOM: silly message
 11803 | D:7      | XOM: chaos cloud
 11804 | D:7      | XOM: confusion (+ monsters)
 11808 | D:7      | XOM: harmless Hex miscast
 11895 | D:7      | XOM: enchant monster (bad)
 12401 | D:7      | XOM: 2-stop teleportation journey
 12468 | D:7      | XOM: polymorph ice beast -> basilisk
 12656 | D:7      | XOM: harmless Necr miscast
 12748 | D:7      | Reached skill level 10 in Long Blades
 12817 | D:7      | XOM: harmless Chrm miscast
 12824 | D:7      | XOM: chaos upgrade
 12829 | D:7      | XOM: enchant monster (good)
 12838 | D:6      | Reached XP level 10. HP: 60/83 MP: 10/10
 12847 | D:6      | XOM: summons 5 hostile demons
 12848 | D:6      | Noticed a soul eater
 12917 | D:6      | XOM: cloud trail
 13064 | D:6      | XOM: harmless Erth miscast
 13203 | D:7      | XOM: divination: detect creatures
 13381 | D:7      | Killed Joseph
 13381 | D:7      | Reached skill level 2 in Armour
 13577 | D:7      | XOM: scenery: 1 doors open, 3 doors close
 13651 | D:8      | XOM: enchant monster (bad)
 14222 | D:8      | XOM is BORED!
 14222 | D:8      | XOM: medium Hex miscast
 14262 | D:8      | XOM: 5-stop teleportation journey
 14614 | D:8      | XOM: stat loss: -1 Dex (10/11)
 14786 | D:9      | Found Rekhasoe's Magic Scroll Emporium.
 14797 | D:9      | Reached skill level 3 in Armour
 14805 | D:9      | Bought a scroll of teleportation for 39 gold pieces
 14805 | D:9      | Bought a scroll of teleportation for 39 gold pieces
 14937 | D:9      | XOM: scenery: create altars
 14943 | D:9      | XOM: potion effect (agility)
 14960 | D:9      | XOM: enchant monster (bad)
 15058 | D:9      | Reached skill level 10 in Fighting
 15058 | D:9      | XOM: god gift: crystal ball of energy {god gift}
 15201 | D:9      | XOM: god gift: +2 ratskin cloak {god gift, +Rats rPois rN+ Str-1 Int-1 Dex+1}
 15202 | D:9      | Found the +2 ratskin cloak {god gift, +Rats rPois rN+ Str-1 Int-1 Dex+1}
 15361 | D:9      | Noticed a two-headed ogre
 15362 | D:9      | XOM: enchant monster (good)
 15376 | D:9      | Killed a two-headed ogre
 15376 | D:9      | Reached skill level 4 in Armour
 15376 | D:9      | Reached skill level 1 in Evocations
 15420 | D:9      | XOM: harmless Air miscast
 15501 | D:9      | XOM: harmless Necr miscast
 15507 | D:9      | XOM: divination: detect items
 15790 | D:9      | XOM: harmless Ice miscast
 15876 | D:9      | Got a bound glass ring
 15878 | D:9      | Identified the ring of the Locust {rF- MR+ Str+4 Int+2} (You found it on level 9 of the Dungeon)
 15896 | D:9      | XOM: medium Summ miscast
 16014 | D:9      | XOM: mild Fire miscast
 16181 | D:10     | Entered Level 10 of the Dungeon
 16198 | D:10     | Got a pair of translucent gloves
 16204 | D:10     | Identified the +2 pair of gloves of the Black Moon {+Blink rC- Str+8 Int+8} (You found it on level 10 of the Dungeon)
 16217 | D:10     | Found a staircase to the Lair.
 16324 | D:10     | XOM: summons 1 hostile demon
 16363 | D:10     | XOM: confusion
 16368 | D:10     | XOM: cast spell 'Summon Mana Viper'
 16370 | D:10     | XOM: mild Necr miscast
 16378 | D:10     | Reached skill level 5 in Armour
 16448 | D:10     | XOM: summons 4 hostile shadow creatures
 16474 | D:10     | XOM: stat loss: -1 Str (29/30)
 16532 | D:10     | Noticed a gargoyle
 16585 | D:10     | XOM: swap monsters
 16588 | D:10     | XOM: god gift: 34 gold pieces {god gift}
 16591 | D:10     | XOM: 1-stop teleportation journey
 16630 | D:10     | XOM: divination: magic mapping
 16636 | D:10     | XOM: summons 3 friendly demons
 16642 | D:10     | XOM: scenery: create altars
 16643 | D:10     | XOM: mild Tloc miscast
 16646 | D:10     | XOM: confuse monster(s)
 16756 | D:9      | XOM: mild Chrm miscast
 16883 | D:10     | Killed an unseen horror
 16883 | D:10     | Reached XP level 11. HP: 67/90 MP: 12/14
 16883 | D:10     | XOM: cloud trail
 17029 | D:10     | XOM: god gift: 14 stones {god gift}
 17030 | D:10     | XOM: god gift: 34 gold pieces {god gift}
 17051 | D:10     | XOM: enchant monster (bad)
 17185 | D:11     | Noticed a seven-headed hydra
 17190 | D:11     | XOM: enchant monster (good)
 17194 | D:11     | Killed a brown ugly thing
 17200 | D:11     | Noticed a two-headed ogre
 17215 | D:11     | XOM: confuse monster(s)
 17228 | D:11     | Killed a seven-headed hydra
 17242 | D:11     | XOM: cloud trail
 17474 | D:11     | XOM: confuse monster(s)
 17494 | D:11     | Killed a two-headed ogre
 17494 | D:11     | Reached skill level 6 in Armour
 17523 | D:11     | XOM: destruction
 17742 | D:11     | Found Xeakhenom's Book Emporium.
 17744 | D:11     | Noticed a two-headed ogre
 17753 | D:11     | XOM: divination: magic mapping
 17756 | D:11     | Killed a two-headed ogre
 17756 | D:11     | Reached skill level 5 in Evocations
 18182 | D:11     | XOM: mild Tloc miscast
 18265 | D:11     | Found a portal to a secret trove of treasure.
 18285 | D:11     | XOM: noise
 18368 | D:11     | Found a staircase to the Orcish Mines.
 18480 | D:11     | Reached skill level 7 in Armour
 18809 | D:11     | XOM: mild Pois miscast
 19142 | D:11     | Noticed a five-headed hydra
 19151 | D:11     | Killed a five-headed hydra
 19637 | D:4      | Noticed Crazy Yiuf
 19641 | D:4      | Killed Crazy Yiuf
 19819 | Lair:1   | Entered Level 1 of the Lair of Beasts
 19861 | Lair:1   | XOM: blink monster(s)
 20019 | Lair:1   | XOM: 4-stop teleportation journey
 20356 | Lair:1   | XOM: 1-stop teleportation journey
 20396 | Lair:1   | XOM: god gift: shiny chain mail {god gift}
 20397 | Lair:1   | XOM: polymorph spiny frog -> raiju
 20603 | Lair:1   | Reached skill level 8 in Armour
 20834 | Lair:1   | XOM: divination: detect items
 20841 | Lair:1   | Reached XP level 12. HP: 97/97 MP: 17/17
 21029 | Lair:2   | XOM: scenery: create altars
 21111 | Lair:2   | Noticed Erica
 21127 | Lair:2   | Noticed an eight-headed hydra
 21220 | Lair:2   | XOM: divination: magic mapping
 21225 | Lair:2   | XOM: god gift: twisted glowing staff {god gift}
 21444 | Lair:2   | XOM: fake destruction
 21465 | Lair:2   | XOM: 1-stop teleportation journey
 21475 | Lair:2   | Noticed an eight-headed hydra
 21478 | Lair:2   | Noticed Sonja
 21495 | Lair:2   | Killed Sonja
 21506 | Lair:2   | Killed an eight-headed hydra
 21842 | Lair:2   | Noticed Fannar
 21866 | Lair:2   | XOM: confuse monster(s)
 21878 | Lair:2   | XOM: scenery: create altars
 22092 | Lair:1   | XOM: god gift: ration {god gift}
 22257 | Lair:2   | XOM: 1-stop teleportation journey
 22275 | Lair:2   | Reached skill level 9 in Armour
 22306 | Lair:2   | XOM: potion effect (magic)
 22318 | Lair:2   | XOM: divination: detect creatures
 22320 | Lair:2   | XOM: fog
 22333 | Lair:2   | Killed Fannar
 22352 | Lair:2   | Killed an eight-headed hydra
 22467 | Lair:2   | Killed Erica
 22619 | Lair:2   | XOM: 4-stop teleportation journey
 22658 | Lair:2   | XOM: cloud trail
 22890 | Lair:2   | XOM: god gift: hunting sling {god gift}
 23079 | Lair:3   | XOM: enchant monster (good)
 23083 | Lair:3   | XOM: mild Air miscast
 23268 | Lair:3   | Noticed Soeti's ghost (journeyman OpTm)
 23283 | Lair:3   | Killed Soeti's ghost
 23364 | Lair:3   | Noticed Prince Ribbit
 23379 | Lair:3   | Found a staircase to the Swamp.
 23379 | Lair:3   | XOM: 3-stop teleportation journey
 23413 | Lair:3   | Noticed a seven-headed hydra
 23424 | Lair:3   | Killed a four-headed hydra
 23437 | Lair:3   | Noticed a seven-headed hydra
 23604 | Lair:3   | Noticed a four-headed hydra
 23612 | Lair:3   | XOM: potion effect (brilliance)
 23615 | Lair:3   | Killed a one-headed hydra
 23725 | Lair:3   | Killed a one-headed hydra
 23786 | Lair:3   | XOM: harmless Fire miscast
 23834 | Lair:3   | Noticed Prince Ribbit
 23834 | Lair:3   | Prince Ribbit changed into Prince Ribbit the black mamba
 23834 | Lair:3   | XOM: polymorph Prince Ribbit -> Prince Ribbit the black mamba
 23843 | Lair:3   | XOM: cleaving
 23849 | Lair:3   | Killed Prince Ribbit the black mamba
 23850 | Lair:3   | XOM: potion effect (haste)
 23856 | Lair:3   | XOM: scenery: create altars
 24087 | Lair:3   | Found a hole to the Spider Nest.
 24087 | Lair:3   | XOM: fog
 24096 | Lair:3   | Gained mutation: You are in touch with the powers of death. [Mummy growth]
 24096 | Lair:3   | Reached XP level 13. HP: 103/103 MP: 19/19
 24265 | Lair:3   | XOM: summons 7 friendly demons
 24407 | Lair:3   | XOM: divination: detect items
 24520 | Lair:4   | XOM: cast spell 'Summon Butterflies'
 24723 | Lair:4   | XOM: scenery: create altars
 24970 | Lair:4   | XOM: cast spell 'Summon Horrible Things'
 24980 | Lair:4   | XOM: divination: detect items
 25340 | Lair:4   | XOM: cloud trail
 25432 | Lair:4   | XOM: god gift: 26 gold pieces {god gift}
 25616 | Lair:5   | XOM: potion effect (haste)
 25628 | Lair:5   | Found a staircase to the Slime Pits.
 25929 | Lair:5   | XOM: potion effect (brilliance)
 25951 | Lair:5   | XOM: harmless Fire miscast
 26419 | Lair:6   | Entered Level 6 of the Lair of Beasts
 26422 | Lair:6   | XOM: god gift: great sword {god gift}
 26438 | Lair:6   | XOM: summons friendly quasit
 26547 | Lair:6   | XOM: confuse monster(s)
 26551 | Lair:6   | XOM: enchant monster (good)
 26818 | Lair:6   | XOM: cleaving
 26822 | Lair:6   | XOM: cast spell 'Alistair's Intoxication'
 26982 | Lair:6   | XOM: cast spell 'Discord'
 26995 | Lair:6   | XOM: divination: detect creatures
 27133 | Lair:5   | XOM: god gift: great sword {god gift}
 27146 | Lair:6   | XOM: divination: magic mapping
 27348 | Lair:6   | Reached skill level 1 in Shields
 27450 | Lair:6   | XOM: medium Chrm miscast
 27612 | Lair:6   | Reached XP level 14. HP: 110/110 MP: 20/20
 27661 | Lair:6   | XOM: mild Conj miscast
 27832 | Lair:6   | XOM: blink monster(s)
 27839 | Lair:6   | XOM: enchant monster (bad)
 27995 | Lair:6   | XOM: mild Summ miscast
 28140 | Lair:6   | XOM: harmless Tmut miscast
 28618 | Lair:6   | Reached skill level 10 in Armour
 28650 | Lair:6   | XOM: polymorph wyvern -> fire bat
 28713 | Lair:6   | Found a large runed door.
 28713 | Lair:6   | Found a large runed door.
 28751 | Lair:6   | XOM: butterfly on damage
 29169 | D:8      | XOM: medium Conj miscast
 29263 | D:8      | XOM: potion effect (agility)
 29391 | D:8      | XOM: 1-stop teleportation journey
 29718 | D:11     | XOM: medium Chrm miscast
 30001 | D:12     | Found a flagged portal.
 30018 | D:12     | XOM: enchant monster (good)
 30044 | Bailey   | Entered a bailey
 30197 | Bailey   | XOM: noise
 30374 | Bailey   | XOM: summons 4 hostile demons
 30467 | Bailey   | Identified the Handbook of the Birds and Creation
 30666 | D:12     | XOM: blink monster(s)
 30816 | D:12     | XOM: summons friendly quasit
 30872 | D:12     | Reached skill level 5 in Shields
 30952 | D:12     | XOM: polymorph quasit -> iron imp
 31339 | D:13     | XOM: cloud trail
 31448 | D:13     | XOM: 1-stop teleportation journey
 31457 | D:13     | XOM: cleaving
 31851 | D:11     | XOM: scenery: 1 doors close
 31858 | D:11     | XOM: scenery: 1 doors open
 31862 | D:11     | You paid a toll of 18 scrolls of identify to enter a treasure trove
 31863 | Trove    | Entered a treasure trove
 31866 | Trove    | Found the +8 trident of the Octopus King {venom, rElec rPois MR+}
 31867 | Trove    | Found the +8 demon blade "Bloodbane" {slice, *Rage +Rage Stlth-}
 31875 | Trove    | Got a translucent demon blade
 31888 | Trove    | Identified the +7 demon blade of Ygeaviut {elec, Fragile rPois rN+} (You found it in a treasure trove)
 31998 | D:13     | Reached skill level 11 in Armour
 32117 | D:13     | Got a spiked leather armour
 32128 | D:13     | Identified the +1 leather armour of the Devil {rPois rC+} (You found it on level 13 of the Dungeon)
 32222 | D:13     | Found a gate to the Vaults.
 32368 | D:13     | XOM: fog
 32374 | D:13     | XOM: cast spell 'Disjunction'
 32378 | D:13     | XOM: 4-stop teleportation journey
 32656 | D:13     | XOM: scenery: create altars
 32692 | D:13     | XOM: 2-stop teleportation journey
 32904 | D:13     | XOM: fog
 32981 | D:13     | XOM: scenery: create altars
 33175 | D:14     | XOM: divination: detect items
 33176 | D:14     | XOM: cast spell 'Summon Hydra'
 33221 | D:14     | XOM: destruction
 33283 | D:14     | Found a bloodstained altar of Trog.
 33323 | D:14     | XOM: swap monsters
 33359 | D:14     | Reached XP level 15. HP: 115/115 MP: 21/21
 33649 | D:14     | XOM: scenery: create altars
 33787 | D:15     | Entered Level 15 of the Dungeon
 33803 | D:15     | XOM: summons 2 friendly demons
 33947 | D:15     | XOM: god gift: lightning rod (4/4) {god gift}
 33974 | D:15     | Reached skill level 12 in Armour
 33985 | D:15     | XOM: summons 10 friendly demons
 34155 | D:15     | Found a staircase to the Depths.
 34276 | D:15     | XOM: mild Pois miscast
 34721 | D:15     | Found a sacrificial altar of Ru.
 34827 | D:15     | XOM: summons 4 friendly demons
 34875 | D:15     | XOM: mild Conj miscast
 35038 | D:11     | XOM: mild Chrm miscast
 35054 | Orc:1    | Entered Level 1 of the Orcish Mines
 35058 | Orc:1    | Noticed an orc warlord
 35143 | D:11     | Killed an orc warlord
 35248 | Orc:1    | XOM: confuse monster(s)
 35251 | Orc:1    | Found a roughly hewn altar of Beogh.
 35450 | Orc:1    | Found Gamissyc's Gadget Shop.
 35635 | Orc:2    | Entered Level 2 of the Orcish Mines
 35647 | Orc:2    | Found a roughly hewn altar of Beogh.
 35658 | Orc:2    | Found Vaboy's Book Shoppe.
 35689 | Orc:2    | Found a staircase to the Elven Halls.
 35730 | Orc:2    | XOM: medium Conj miscast
 36061 | Orc:2    | XOM: mild Tloc miscast
 36299 | Orc:2    | XOM: stat loss: -1 Int (10/11)
 36304 | Orc:2    | XOM: summons 1 hostile demon
 36380 | Orc:2    | Noticed an orc warlord
 36406 | Orc:2    | Killed an orc warlord
 36522 | Orc:2    | Found a roughly hewn altar of Beogh.
 36805 | Orc:2    | Found Saqam's Antique Weapon Emporium.
 36870 | Orc:2    | Found Suam's Book Emporium.
 36885 | Orc:2    | Found Ydeany's Antique Armour Emporium.
 36892 | Orc:2    | Bought a pair of embroidered boots for 135 gold pieces
 36913 | Orc:2    | Bought a glowing chain mail for 135 gold pieces
 36934 | Orc:2    | Found Kuithrad's General Store.
 37112 | Orc:1    | Bought a lamp of fire for 520 gold pieces
 37203 | D:9      | Bought a scroll of acquirement for 676 gold pieces
 37203 | D:9      | Bought a scroll of blinking for 97 gold pieces
 37204 | D:9      | Got a pair of brightly glowing gloves
 37215 | D:9      | Identified the +2 pair of gloves of Atiumowk {rPois Int+2} (You acquired it on level 9 of the Dungeon)
 37347 | Swamp:1  | Entered Level 1 of the Swamp
 37362 | Lair:3   | XOM: repel stairs
 37365 | Lair:3   | Reached skill level 13 in Armour
 37559 | Lair:3   | XOM: noise
 37665 | Swamp:1  | XOM: confusion
 37755 | Swamp:1  | XOM: noise
 37784 | Swamp:1  | XOM: god gift: shield {god gift}
 37899 | Swamp:1  | Noticed Frances
 38170 | Swamp:1  | XOM: potion effect (haste)
 38173 | Swamp:1  | Killed Frances
 38250 | Swamp:1  | XOM: scenery: create altars
 38264 | Swamp:1  | Noticed Nikola
 38561 | Elf:1    | Entered Level 1 of the Elven Halls
 38610 | Elf:1    | Reached skill level 10 in Shields
 38610 | Elf:1    | Reached XP level 16. HP: 113/122 MP: 22/22
 38712 | Elf:1    | XOM: summons 7 friendly demons
 38974 | Elf:1    | XOM: polymorph deep elf annihilator -> dire elephant
 38975 | Elf:1    | XOM: enchant monster (bad)
 39123 | Elf:1    | Learned a level 5 spell: Silence
 39326 | Elf:1    | XOM: mild Summ miscast
 39365 | Elf:1    | XOM: harmless Tmut miscast
 39428 | Elf:1    | Found Atetooczi's Jewellery Shoppe.
 39472 | Elf:1    | Bought an uncursed ring of protection from magic for 300 gold pieces
 39802 | Elf:1    | Reached skill level 1 in Hexes
 39815 | Elf:1    | Reached skill level 1 in Air Magic
 39919 | Elf:1    | XOM: silly message
 39962 | Elf:1    | XOM: harmless Pois miscast
 39996 | Elf:1    | XOM: mild Hex miscast
 40018 | Elf:1    | XOM: severe Fire miscast
 40026 | Elf:1    | XOM: medium Chrm miscast
 40083 | Elf:1    | XOM: harmless Air miscast
 40087 | Elf:1    | XOM: harmless Air miscast
 40280 | Elf:1    | Found Jiesmeeka's Gadget Shoppe.
 40280 | Elf:1    | Found Zeisoom Jod's Jewellery Boutique.
 40281 | Elf:1    | Found Saff's Jewellery Boutique.
 40461 | Elf:1    | XOM: mild Erth miscast
 40661 | Elf:1    | XOM: medium Conj miscast
 40773 | Elf:2    | XOM: smoke on damage
 41146 | Elf:2    | Found a huge runed gate.
 41146 | Elf:2    | Found a huge runed gate.
 41147 | Elf:2    | Found a huge runed gate.
 41148 | Elf:2    | Found a huge runed gate.
 41155 | Elf:2    | Found a huge runed gate.
 41380 | Elf:2    | XOM: harmless Conj miscast
 41759 | Spider:1 | Entered Level 1 of the Spider Nest
 41764 | Lair:3   | XOM: blink monster(s)
 41779 | Lair:3   | XOM: confuse monster(s)
 41814 | Spider:1 | XOM: summons 8 hostile demons
 41835 | Lair:3   | XOM: polymorph jumping spider -> dream sheep
 41995 | Lair:3   | XOM: severe Ice miscast
 42011 | Lair:3   | XOM: cloud trail
 42248 | Spider:1 | XOM: summons friendly quasit
 42341 | Spider:1 | XOM: cleaving
 42581 | Spider:1 | XOM: fake destruction
 42684 | Spider:1 | XOM: fog
 42985 | Spider:1 | XOM: cloud trail
 43109 | Spider:1 | XOM: scenery: create altars
 43465 | Spider:2 | XOM: cast spell 'Alistair's Intoxication'
 43476 | Spider:2 | Reached skill level 5 in Hexes
 43685 | Spider:2 | XOM: destruction
 43756 | Spider:2 | XOM: confuse monster(s)
 43893 | Spider:1 | XOM: scenery: create altars
 44015 | Spider:1 | XOM: stat loss: -1 Str (18/19)
 44018 | Spider:2 | XOM: scenery: create altars
 44142 | Spider:2 | XOM: swap monsters
 44161 | Spider:2 | XOM: mild Tloc miscast
 44168 | Spider:2 | XOM: enchant monster (bad)
 44208 | Spider:2 | XOM: noise
 44224 | Spider:2 | XOM: 4-stop teleportation journey
 44241 | Spider:2 | Reached XP level 17. HP: 119/128 MP: 23/23
 44243 | Spider:2 | XOM is BORED!
 44243 | Spider:2 | XOM: enchant monster (bad)
 44267 | Spider:2 | Reached skill level 5 in Air Magic
 44609 | Spider:2 | XOM: noise
 44614 | Spider:2 | XOM: mild Summ miscast
 44822 | Spider:2 | XOM: mild Pois miscast
 45108 | Spider:2 | XOM: summons 1 hostile demon
 45203 | Spider:2 | XOM: harmless Pois miscast
 45242 | Spider:3 | XOM: summons 2 hostile demons
 45513 | Spider:3 | XOM: summons 8 hostile demons
 45684 | Spider:3 | XOM: noise
 45691 | Spider:3 | XOM: polymorph orb spider -> spriggan
 45717 | Spider:3 | Noticed Arachne
 45736 | Spider:3 | Killed Arachne
 46069 | Spider:2 | XOM: cloud trail
 46367 | Spider:3 | XOM: mild Fire miscast
 46556 | Spider:3 | XOM: confuse monster(s)
 46579 | Spider:3 | XOM: cloud trail
 46701 | Spider:3 | XOM: 5-stop teleportation journey
 46710 | Spider:3 | XOM: mild Ice miscast
 47052 | Spider:3 | XOM: scenery: create altars
 47115 | Spider:4 | Entered Level 4 of the Spider Nest
 47481 | Spider:4 | XOM: blink monster(s)
 47502 | Spider:4 | Got a vibrating golden ring
 47504 | Spider:4 | Identified the ring "Hegeb" {Int+3 Stlth-} (You found it on level 4 of the Spider Nest)
 47680 | Spider:4 | XOM is BORED!
 47680 | Spider:4 | XOM: summons 8 hostile demons
 47683 | Spider:4 | XOM: summons 15 friendly demons
 47688 | Spider:4 | XOM: enchant monster (good)
 47695 | Spider:4 | XOM: god gift: 45 gold pieces {god gift}
 47834 | Spider:3 | XOM: harmless Erth miscast
 48203 | Spider:4 | XOM: enchant monster (good)
 48370 | Spider:4 | XOM: 6-stop teleportation journey
 48406 | Spider:4 | XOM: fog
 48433 | Spider:4 | XOM: potion effect (might)
 48740 | Spider:4 | XOM: scenery: create altars
 48815 | Spider:4 | XOM: harmless Pois miscast
 48880 | Spider:4 | XOM: divination: magic mapping
 48997 | Spider:4 | XOM: summons 2 friendly demons
 48998 | Spider:4 | XOM: confuse monster(s)
 49057 | Spider:4 | XOM: cast spell 'Olgreb's Toxic Radiance'
 49061 | Spider:4 | XOM: summons 2 friendly demons
 49066 | Spider:4 | XOM: summons 2 hostile demons
 49068 | Spider:4 | XOM: swap monsters
 49073 | Spider:4 | XOM: cast spell 'Summon Dragon'
 49265 | Spider:4 | XOM: scenery: create altars
 49450 | Spider:4 | XOM: confusion
 50166 | Spider:4 | XOM: noise
 50449 | Spider:4 | Got a gossamer rune of Zot
 50720 | Vaults:1 | Entered Level 1 of the Vaults
 50751 | Vaults:1 | XOM: noise
 50752 | Vaults:1 | XOM: summons 8 hostile demons
 50805 | Vaults:1 | XOM: scenery: 1 doors close
 50890 | Vaults:1 | XOM: harmless Necr miscast
 50941 | Vaults:1 | XOM: swap monsters
 51256 | Vaults:1 | XOM: harmless Ice miscast
 51294 | Vaults:1 | XOM: polymorph centaur warrior -> lindwurm
 51407 | Vaults:1 | XOM: divination: detect items
 51424 | Vaults:1 | Noticed Asterion
 51432 | Vaults:1 | Killed Asterion
 51432 | Vaults:1 | Reached XP level 18. HP: 104/134 MP: 24/24
 51438 | Vaults:1 | XOM: harmless Conj miscast
 51591 | Vaults:1 | XOM: potion effect (might)
 51748 | Vaults:1 | Found Otteixyck's Book Boutique.
 51787 | Vaults:1 | XOM: enchant monster (good)
 52135 | Vaults:1 | XOM: medium Tmut miscast
 52277 | Vaults:1 | XOM: 1-stop teleportation journey
 52293 | Vaults:1 | XOM: mild Conj miscast
 52296 | Vaults:1 | XOM: harmless Tloc miscast
 52434 | Vaults:1 | XOM: 2-stop teleportation journey
 52688 | Vaults:1 | XOM: harmless Ice miscast
 53050 | Vaults:1 | XOM: smoke on damage
 53432 | Vaults:1 | XOM: summons 1 hostile demon
 53436 | Vaults:1 | XOM: summons 7 hostile demons
 53586 | Vaults:1 | XOM: medium Hex miscast
 53694 | Vaults:1 | XOM: stat loss: -1 Dex (19/20)
 53811 | Vaults:1 | XOM: summons 3 hostile shadow creatures
 53829 | Vaults:1 | XOM: summons 5 hostile demons
 53893 | Vaults:1 | XOM: cast spell 'Disjunction'
 53916 | Vaults:1 | Reached skill level 1 in Spellcasting
 53917 | Vaults:1 | XOM: scenery: create altars
 53922 | Vaults:1 | XOM: harmless Hex miscast
 53923 | Vaults:1 | XOM: summons friendly crimson imp
 54214 | Vaults:2 | XOM: 1-stop teleportation journey
 54221 | Vaults:2 | XOM: divination: detect items
 54228 | Vaults:2 | XOM: blink monster(s)
 54246 | Vaults:2 | XOM: summons 6 friendly demons
 54451 | Vaults:2 | XOM: summons 1 hostile demon
 54453 | Vaults:2 | Reached skill level 10 in Hexes
 54905 | Vaults:2 | XOM: polymorph deep elf archer -> sea snake
 55010 | Vaults:2 | XOM: scenery: 1 doors close
 55106 | Vaults:2 | XOM: mild Fire miscast
 55149 | Vaults:2 | XOM: scenery: 1 doors open, 1 doors close
 55153 | Vaults:2 | XOM: cloud trail
 55187 | Vaults:2 | XOM: mild Ice miscast
 55198 | Vaults:2 | XOM: noise
 55300 | Vaults:2 | XOM: mild Conj miscast
 55394 | Vaults:2 | XOM: divine lightning
 55402 | Vaults:2 | XOM: noise
 55530 | Vaults:1 | XOM: summons 1 hostile demon
 55769 | Elf:1    | Bought an uncursed ring of protection from fire for 400 gold pieces
 55944 | Vaults:1 | XOM: stat loss: -1 Int (13/14)
 56194 | Vaults:2 | XOM: silly message
 56202 | Vaults:2 | Reached skill level 5 in Spellcasting
 56209 | Vaults:2 | XOM: swap monsters
 56211 | Vaults:2 | XOM: medium Summ miscast
 56236 | Vaults:2 | Reached XP level 19. HP: 88/140 MP: 26/26
 56453 | Vaults:2 | XOM: divination: detect items
 56827 | Vaults:2 | Paralysed by a great orb of eyes for 2 turns
 56929 | Vaults:2 | XOM: divination: magic mapping
 56952 | Vaults:2 | XOM: scenery: 1 doors close
 57115 | Vaults:2 | XOM: summons friendly ufetubus
 57120 | Vaults:2 | XOM: summons 5 friendly demons
 57266 | Vaults:2 | XOM is BORED!
 57320 | Vaults:2 | XOM: blink monster(s)
 57322 | Vaults:2 | XOM: noise
 57353 | Vaults:1 | XOM: swap monsters
 57691 | Vaults:2 | XOM: cast spell 'Leda's Liquefaction'
 58412 | Vaults:2 | XOM: potion effect (invisibility)
 58693 | Vaults:2 | XOM: god gift: scroll of blinking {god gift}
 58835 | Vaults:3 | XOM: noise
 58863 | Vaults:3 | Noticed Aizul
 58863 | Vaults:3 | Noticed Bai Suzhen
 58869 | Vaults:3 | Reached skill level 14 in Armour
 58897 | Vaults:3 | XOM: cast spell 'Olgreb's Toxic Radiance'
 58898 | Vaults:3 | XOM: potion effect (heal wounds)
 58914 | Vaults:3 | XOM: harmless Tloc miscast
 59270 | Vaults:3 | XOM: fog
 59275 | Vaults:3 | XOM: cleaving
 59401 | Vaults:3 | Found Foudah's Food Shop.
 59518 | Vaults:3 | XOM: god gift: glowing falchion {god gift}
 59521 | Vaults:3 | XOM: polymorph ice dragon -> satyr
 59528 | Vaults:3 | XOM: potion effect (agility)
 59764 | Vaults:3 | XOM: 2-stop teleportation journey
 60036 | Vaults:3 | Found a staircase to the Crypt.
 60126 | Crypt:1  | Entered Level 1 of the Crypt
 60191 | Crypt:1  | XOM: confusion
 60232 | Crypt:1  | XOM: harmless Ice miscast
 60250 | Crypt:1  | XOM: enchant monster (good)
 60297 | Crypt:1  | XOM: summons 4 hostile shadow creatures
 60480 | Crypt:1  | XOM: 1-stop teleportation journey
 60494 | Crypt:1  | stop teleporting me so close
 60497 | Crypt:1  | XOM: divination: detect items
 60506 | Crypt:1  | XOM: harmless Hex miscast
 60521 | Crypt:1  | XOM: medium Hex miscast
 60757 | Crypt:1  | XOM: chaos cloud
 60818 | Crypt:1  | XOM: mild Fire miscast
 61046 | Crypt:1  | XOM: enchant monster (good)
 61089 | Crypt:1  | XOM: swap monsters
 61439 | Crypt:1  | XOM: summons 2 friendly demons
 61775 | Crypt:1  | XOM: stat loss: -1 Dex (13/14)
 61962 | Crypt:1  | XOM: enchant monster (good)
 62254 | Crypt:1  | XOM: mild Chrm miscast
 62458 | Crypt:1  | XOM: harmless Hex miscast
 62492 | Crypt:2  | XOM: 1-stop teleportation journey
 62536 | Crypt:2  | XOM: confuse monster(s)
 62537 | Crypt:2  | XOM: destruction
 62792 | Crypt:2  | XOM: enchant monster (good)
 62809 | Crypt:2  | XOM: repel stairs
 62816 | Crypt:2  | XOM: blink monster(s)
 62824 | Crypt:2  | Reached skill level 10 in Air Magic
 62853 | Crypt:2  | XOM: harmless Pois miscast
 63018 | Crypt:2  | XOM: butterfly on damage
 63376 | Crypt:2  | XOM: summons friendly shadow imp
 63410 | Crypt:2  | XOM: summons 1 friendly demon
 63434 | Crypt:2  | XOM: mild Air miscast
 63443 | Crypt:2  | Reached XP level 20. HP: 110/147 MP: 33/33
 63491 | Crypt:2  | XOM: harmless Chrm miscast
 63645 | Crypt:2  | XOM: noise
 63698 | Crypt:2  | Found a huge runed gate.
 63698 | Crypt:2  | Found a huge runed gate.
 63698 | Crypt:2  | Found a huge runed gate.
 63698 | Crypt:2  | Found a huge runed gate.
 63698 | Crypt:2  | Found a huge runed gate.
 63698 | Crypt:2  | Found a huge runed gate.
 63698 | Crypt:2  | Found a huge runed gate.
 63698 | Crypt:2  | Found a huge runed gate.
 63698 | Crypt:2  | Found a huge runed gate.
 63698 | Crypt:2  | Found a huge runed gate.
 63699 | Crypt:2  | Found a huge runed gate.
 63699 | Crypt:2  | Found a huge runed gate.
 63700 | Crypt:2  | Found a huge runed gate.
 63709 | Crypt:2  | Found a huge runed gate.
 63710 | Crypt:2  | Found a huge runed gate.
 63711 | Crypt:2  | Found a huge runed gate.
 63786 | Crypt:2  | XOM: noise
 63955 | Crypt:2  | Found a huge runed gate.
 63955 | Crypt:2  | Found a huge runed gate.
 63955 | Crypt:2  | Found a huge runed gate.
 63979 | Crypt:2  | XOM: harmless Ice miscast
 64014 | Crypt:2  | XOM: noise
 64159 | Crypt:2  | Found a huge runed gate.
 64159 | Crypt:2  | Found a huge runed gate.
 64159 | Crypt:2  | Found a huge runed gate.
 64168 | Crypt:2  | Found a huge runed gate.
 64168 | Crypt:2  | Found a huge runed gate.
 64168 | Crypt:2  | Found a huge runed gate.
 64171 | Crypt:2  | Found a huge runed gate.
 64171 | Crypt:2  | Found a huge runed gate.
 64171 | Crypt:2  | Found a huge runed gate.
 64197 | Crypt:2  | Found a huge runed gate.
 64198 | Crypt:2  | Found a huge runed gate.
 64244 | Crypt:2  | XOM: cloud trail
 64344 | Crypt:3  | Entered Level 3 of the Crypt
 64402 | Crypt:3  | XOM: silly message
 64408 | Crypt:3  | XOM: fake destruction
 64411 | Crypt:3  | XOM: enchant monster (good)
 64418 | Crypt:3  | Reached skill level 10 in Spellcasting
 64418 | Crypt:3  | XOM: summons 9 hostile demons
 64419 | Crypt:3  | XOM: summons 5 friendly demons
 64449 | Crypt:2  | XOM: summons 2 hostile shadow creatures
 64978 | Crypt:3  | Noticed Frederick
 65008 | Crypt:3  | Killed Frederick
 65225 | Crypt:3  | Reached skill level 15 in Armour
 65352 | Crypt:3  | Found an ancient bone altar of Kikubaaqudgha.
 65539 | Crypt:3  | XOM: 1-stop teleportation journey
 65546 | Crypt:3  | XOM: confuse monster(s)
 65548 | Crypt:3  | XOM: summons 2 friendly demons
 65572 | Crypt:3  | XOM: summons friendly crimson imp
 65588 | Crypt:3  | XOM: enchant monster (good)
 66003 | Crypt:3  | XOM: mild Conj miscast
 66089 | Crypt:3  | XOM: divination: magic mapping
 66091 | Crypt:3  | Found a staircase to the Tomb.
 66098 | Crypt:3  | XOM: summons 5 friendly demons
 66099 | Crypt:3  | XOM: fog
 66233 | Crypt:3  | XOM: cast spell 'Monstrous Menagerie'
 66338 | Crypt:3  | XOM: god gift: lajatang {god gift}
 66617 | Crypt:3  | XOM: cloud trail
 66630 | Crypt:3  | XOM: enchant monster (bad)
 66738 | Crypt:3  | Noticed an ancient lich
 66803 | Crypt:3  | XOM: summons 3 friendly demons
 66815 | Crypt:3  | Killed an ancient lich
 66873 | Crypt:3  | Found the +15 mace of Variability {chaos}
 66909 | Crypt:3  | XOM: enchant monster (good)
 66990 | Crypt:3  | XOM: summons friendly shadow imp
 67443 | Crypt:3  | XOM: fake destruction
 67446 | Crypt:3  | XOM: severe Tloc miscast
 67499 | Crypt:3  | Identified the Catalogue of Black Magic
 68337 | Crypt:3  | XOM: summons 4 friendly demons
 68350 | Crypt:3  | XOM: harmless Ice miscast
 68389 | Crypt:3  | Got a steaming bronze ring
 68389 | Crypt:3  | Got a transparent granite ring
 68389 | Crypt:3  | Got a pitted bone ring
 68391 | Crypt:3  | Identified the ring "Raahy" {-Tele rN+ Str+3 Dex+3} (You found it on level 3 of the Crypt)
 68394 | Crypt:3  | Identified the ring "Teextaeh" {rN+ Dex+2 Stlth+} (You found it on level 3 of the Crypt)
 68397 | Crypt:3  | Identified the ring of Tufix {rN+ Int+3} (You found it on level 3 of the Crypt)
 68611 | Crypt:3  | Found the +9 staff of Wucad Mu {channel}
 68712 | Crypt:2  | XOM: noise
 68812 | Vaults:3 | XOM: confuse monster(s)
 69181 | Vaults:3 | XOM: mild Tmut miscast
 69198 | Vaults:3 | XOM: noise
 69393 | Vaults:3 | XOM: mild Chrm miscast
 69411 | Vaults:3 | Killed Aizul
 69496 | Vaults:3 | XOM: mild Tmut miscast
 69833 | Vaults:3 | XOM: confuse monster(s)
 69840 | Vaults:3 | XOM: scenery: 1 doors close
 69861 | Vaults:3 | XOM: harmless Summ miscast
 69872 | Vaults:3 | XOM: summons 1 hostile demon
 69882 | Vaults:3 | Killed from afar by Bai Suzhen
